Map: Moondance

Players

Rhizer - Winner!

  • Race: Protoss Protoss
  • Spawn Location: 12:00

PappiJoe

  • Race: Protoss Protoss
  • Spawn Location: 6:00

Event: DreamHack SC2 Masters 2022 Atlanta (Offline)

VOD

Have the link to the VOD?

Description

Time

  • Played on: Nov. 18, 2022, 11:24 a.m.
  • Length: 11:34

All games in this series

Show
View Real Time Build Order
Export as new Build Order

Rhizer Protoss - Winner!

Build Orders:  

Get SALT Encoding   

  12  0:00  Probe  
  13  0:12  Probe  
  14  0:18  Pylon  
  14  0:24  Probe (Chrono Boost)  
  15  0:36  Probe (Chrono Boost)  
  15  0:37  Gateway  
  16  0:44  Probe (Chrono Boost)  
  16  0:45  Assimilator  
  17  0:51  Probe  
  17  0:54  Assimilator  
  18  1:03  Probe (Chrono Boost)  
  19  1:07  Gateway  
  19  1:15  Probe (Chrono Boost)  
  20  1:20  Probe (Chrono Boost)  
  20  1:24  Cybernetics Core  
  21  1:29  Probe  
  22  1:40  Pylon  
  22  1:41  Probe  
  23  1:58  Probe  
  23  2:01  Warp Gate (Chrono Boost), Stalker  
  24  2:02  Stalker  
  28  2:11  Probe  
  29  2:16  Pylon  
  29  2:23  Probe  
  30  2:35  Probe  
  31  2:41  Stargate  
  31  2:44  Stalker x2  
  35  2:48  Probe  
  35  2:56  Pylon  
  35  3:13  Shield Battery  
  35  3:15  Stalker x2  
  39  3:33  Void Ray (Chrono Boost)  
  43  3:40  Pylon  
  43  3:52  Pylon  
  43  3:53  Zealot  
  43  3:54  Zealot  
  51  4:10  Void Ray (Chrono Boost)  
  51  4:19  Zealot x2  
  55  4:44  Void Ray  
  59  4:47  Stalker, Pylon  
  59  4:48  Stalker  
  63  5:01  Pylon  
  63  5:05  Probe  
  64  5:17  Stalker  
  64  5:18  Oracle (Chrono Boost)  
  69  5:22  Zealot  
  70  5:42  Stalker, Pylon  
  70  5:43  Stalker  
  64  6:10  Void Ray (Chrono Boost)  
  68  6:22  Nexus  
  68  6:35  Twilight Council  
  68  6:38  Probe  
  69  6:42  Shield Battery  
  69  6:43  Shield Battery  
  69  6:55  Probe  
  69  7:00  Void Ray  
  74  7:07  Probe  
  75  7:09  Stalker  
  75  7:15  Zealot  
  79  7:19  Blink (Chrono Boost)  
  73  7:47  Stalker x2  
  73  7:59  Gateway  
  73  8:00  Shield Battery  
  73  8:05  Shield Battery  
  68  8:13  Stalker x2  
  72  8:21  Shield Battery  
  72  8:27  Shield Battery  
  72  8:37  Stalker x2  
  76  8:42  Probe  
  76  8:43  Assimilator  
  75  8:48  Gateway  
  75  8:49  Probe  
  75  8:54  Stalker  
  78  9:00  Zealot  
  78  9:02  Stalker  
  82  9:06  Probe  
  83  9:10  Probe  
  84  9:18  Robotics Facility  
  84  9:26  Adept x2  
  84  9:29  Probe  
  84  9:30  Probe  
  90  9:38  Stalker  
  85  9:47  Probe  
  85  9:48  Probe  
  87  9:58  Stalker x2  
  92  10:00  Probe x2  
  93  10:12  Observer (Chrono Boost), Probe x2  
  94  10:19  Stalker x2  
  94  10:24  Probe  
  89  10:29  Stalker  
  89  10:32  Probe  
  91  10:37  Pylon  
  91  10:43  Stalker  
  89  10:57  Observer  
  89  10:58  Stalker  
  89  11:03  Pylon  
  90  11:17  Stalker x3  
  83  11:31  Stalker  
  76  11:34  Nexus  
Show
View Real Time Build Order
Export as new Build Order

PappiJoe Protoss 

Build Orders:  

Get SALT Encoding   

  12  0:00  Probe  
  13  0:12  Probe  
  14  0:17  Pylon  
  14  0:25  Probe  
  15  0:35  Gateway  
  15  0:37  Probe (Chrono Boost)  
  16  0:46  Probe (Chrono Boost)  
  16  0:47  Assimilator  
  17  0:51  Probe (Chrono Boost)  
  17  0:56  Assimilator  
  18  1:03  Probe (Chrono Boost)  
  19  1:09  Gateway  
  19  1:15  Probe (Chrono Boost)  
  20  1:23  Probe (Chrono Boost)  
  21  1:25  Cybernetics Core  
  21  1:35  Pylon  
  21  1:36  Probe  
  22  1:49  Probe  
  23  2:01  Robotics Facility  
  23  2:03  Stalker  
  23  2:08  Stalker  
  27  2:10  Warp Gate  
  27  2:19  Pylon  
  27  2:35  Stalker  
  29  2:37  Stalker  
  30  2:48  Immortal (Chrono Boost)  
  34  3:01  Gateway  
  34  3:17  Warp Prism (Chrono Boost)  
  34  3:34  Pylon  
  34  3:46  Observer  
  35  3:59  Stalker x2  
  35  4:00  Stalker  
  41  4:10  Pylon  
  41  4:17  Observer  
  41  4:22  Twilight Council  
  41  4:25  Stalker x2  
  41  4:30  Stalker  
  47  4:40  Shield Battery  
  47  4:55  Stalker x2  
  51  5:03  Blink (Chrono Boost)  
  51  5:16  Pylon  
  51  5:21  Stalker  
  53  5:29  Stalker  
  55  5:44  Stalker  
  55  5:48  Stalker  
  55  6:16  Observer  
  51  6:29  Stalker  
  51  6:30  Stalker  
  55  6:42  Pylon  
  55  6:44  Pylon  
  55  7:00  Stalker x3  
  61  7:04  Observer  
  61  7:09  Pylon  
  61  7:14  Probe  
  62  7:16  Pylon  
  62  7:27  Stalker  
  62  7:28  Stalker x2  
  66  7:50  Stalker  
  68  7:51  Stalker x2  
  72  8:00  Observer  
  72  8:13  Stalker  
  72  8:14  Stalker x2  
  72  8:18  Pylon  
  76  8:39  Probe  
  76  8:41  Dark Shrine  
  77  8:48  Stalker  
  77  9:09  Nexus  
  77  9:28  Stalker  
  79  9:59  Dark Templar x2  
  83  10:00  Dark Templar  
  65  10:34  Probe  
  58  10:43  Stalker  
  58  10:46  Probe  
  60  10:58  Probe  
  60  11:00  Shield Battery  
  61  11:10  Probe  
  62  11:15  Stalker  
  44  11:24  Stalker  
Tags
 
Add a new tag
Caveats
  • Supply blocks, unpowered buildings, or Contaminate may cause inaccurate times.
  • Supply counts are checked every 10 seconds.